 Dungeon Crawl Stone Soup version 0.14-a0-2071-g7172c92 (webtiles) character file.

11328 Nicoed the Protected (level 11, -2/99 HPs)
             Began as a Minotaur Fighter on Jan 23, 2014.
             Was the Champion of Makhleb.
             Slain by an ice dragon (11 damage)
             ... in an ice cave.
             The game lasted 00:33:48 (8809 turns).

Nicoed the Protected (Minotaur Fighter)             Turns: 8809, Time: 00:33:48

HP  -2/99        AC 26     Str 23      XL: 11   Next: 38%
MP  18/18        EV  6     Int  5      God: Makhleb [******]
Gold 714         SH  0     Dex 11      Spells:  0 memorised, 10 levels left

rFire  . . .     SeeInvis .     l - +2,+1 great sword (freeze)
rCold  . . .     Clarity  .     E - +9 plate armour of Disaster {+Inv}
rNeg   . . .     Conserve .     (no shield)
rPois  +         rCorr    .     (helmet restricted)
rElec  .         rRot     .     (no cloak)
SustAb . .       Spirit   .     z - +0 pair of elf gloves
rMut   .         Warding  .     p - +0 pair of elf boots
Saprov . . .     Stasis   .     u - amulet of rage
MR     .....                    o - ring of poison resistance
                                b - ring of teleport control

@: not resistant to hostile enchantments, extremely unstealthy
A: retaliatory headbutt, horns 2
a: Minor Destruction, Lesser Servant of Makhleb, Major Destruction, Greater
Servant of Makhleb, Renounce Religion, Evoke Berserk Rage, Evoke Invisibility,
Evoke Teleport Control


You were in an ice cave.
You worshipped Makhleb.
Makhleb was exalted by your worship.
You were very hungry.

You visited 1 branch of the dungeon, and saw 11 of its levels.
You also visited: Sewer and Ice Cave.

You collected 744 gold pieces.
You spent 30 gold pieces at shops.

Inventory:

Hand weapons
 l - a +2,+1 great sword of freezing (weapon)
Armour
 c - a +0 shield
 p - a +0 pair of elven boots (worn)
 z - a +0 pair of elven gloves (worn)
 E - the +9 plate armour of Disaster (worn) {+Inv}
   (You found it on level 5 of the Dungeon)

   It lets you turn invisible.
Magical devices
 a - a wand of confusion (10)
 d - a wand of heal wounds (0)
 r - a wand of draining (6) {unknown}
 s - a wand of confusion (4)
 A - a wand of lightning (5)
 D - a wand of polymorph (3)
Comestibles
 v - 2 meat rations
Scrolls
 g - 2 scrolls of teleportation
 h - 3 scrolls of remove curse
 i - 4 scrolls of identify
 j - a scroll of fog
 k - a scroll of magic mapping
 y - 2 scrolls of enchant armour
 B - 2 scrolls of blinking
 G - 2 scrolls of enchant weapon I
 H - 2 scrolls of recharging {unknown}
Jewellery
 b - a ring of teleport control (left hand)
 e - an uncursed ring of flight
 o - a ring of poison resistance (right hand)
 u - an amulet of rage (around neck)
Potions
 f - 2 potions of might
 m - 2 potions of heal wounds
 n - 2 potions of invisibility
 q - a potion of brilliance
 w - 5 potions of curing
 x - 2 potions of restore abilities


   Skills:
 + Level 9.6 Fighting
 + Level 9.4 Long Blades
 + Level 9.8 Armour
 + Level 8.0 Dodging
   Level 8.1 Shields
 + Level 8.1 Invocations


You had 10 spell levels left.
You didn't know any spells.

Dungeon Overview and Level Annotations

Branches:
Dungeon (11/16)            Temple (0/1) D:7             Orc (0/4) D:10
   Lair (0/8) D:10

Altars:
Dithmengos
Elyvilon
Fedhas
Makhleb
Trog
Zin

Shops:
D:5 :   D:8 ?


Innate Abilities, Weirdness & Mutations

You reflexively headbutt those who attack you in melee.
You have a pair of horns on your head.


Message History

You see here 16 gold pieces.
You see here 21 gold pieces.
The ice dragon breathes frost at you. The blast of cold hits you!
Your potion of lignification freezes and shatters!
* * * LOW HITPOINT WARNING * * *
You see here 18 gold pieces.
You see here a sparkling bone amulet.
You feel much better.
The ice dragon bites you but does no damage.
The ice dragon claws you but does no damage.
The ice dragon tramples you!
* * * LOW HITPOINT WARNING * * *
You hold your ground!
You see here 18 gold pieces.
Unknown command.
Use which ability? (? or * to list)
A demon appears!
You feel somewhat more hungry. The ice dragon barely misses you.
The ice dragon claws you!
You die...

#...##$
##.## ##
#D.##$$##
#..# #.
#.##$$$$#
#.## ##
#..#$$$$#
#..## #
#....$$$#
#.#.#
##....$$#
##.## #
#.....1#
#.## #
#....D$#
##.# ##
##...=@#
#..## #.
#..$"##
#...## ##.
##==.#
####.#####..
#.==#
#...#...#
##"##
##.#..### ##
##.### ###


You could see an ice dragon and a friendly Executioner.

Vanquished Creatures
  Erolcha (D:8)
  2 ice statues (IceCv)
  A cyclops (D:11)
  Maurice (D:9)
  2 trolls
  Prince Ribbit (D:7)
  The ghost of temujin the Insei, an average DgTm (Sewer)
  3 yaks (D:10)
  Eustachio (D:10)
  Grum (D:10)
  4 wolves (D:10)
  A manticore (D:10)
  3 orc warriors
  17 ice beasts
  A yellow wasp (D:9)
  2 sky beasts (D:6)
  3 centaurs
  2 wargs (D:10)
  An ogre (D:9)
  Duvessa (D:9)
  2 big kobolds
  7 giant frogs
  An agate snail (D:10)
  9 killer bees
  A manticore skeleton (D:8)
  A troll zombie (D:8)
  A yak zombie (D:10)
  A yak skeleton (D:10)
  4 wights (D:9)
  8 crimson imps
  Dowan (D:9)
  3 goliath beetles
  3 scorpions
  3 hounds
  2 jellies
  A centaur zombie (D:5)
  6 orc priests
  2 iguanas
  12 worker ants
  5 orc wizards
  Ijyb (D:7)
  Jessica (D:3)
  A mummy (D:9)
  Terence (D:2)
  13 adders
  A green rat (D:4)
  11 giant mites
  12 white imps (D:11)
  An inept feature mimic (D:2)
  2 worms
  An adder skeleton (D:9)
  A grey rat (D:4)
  A giant eyeball (D:7)
  13 giant geckos
  29 orcs
  9 ball pythons (Sewer)
  13 giant cockroaches
  10 hobgoblins
  6 jackals
  2 quokkas
  7 bats
  19 giant newts
  6 goblins
  20 kobolds
  An orc skeleton (D:9)
  16 rats
320 creatures vanquished.

Vanquished Creatures (others)
  An unseen horror (D:10)
  A bush (D:3)
2 creatures vanquished.

Grand Total: 322 creatures vanquished

Notes
Turn   | Place    | Note
--------------------------------------------------------------
     0 | D:1      | Nicoed, the Minotaur Fighter, began the quest for the Orb.
     0 | D:1      | Reached XP level 1. HP: 19/19 MP: 1/1
   145 | D:1      | Reached XP level 2. HP: 24/27 MP: 1/1
   595 | D:2      | Reached skill level 4 in Armour
   595 | D:2      | Reached skill level 1 in Dodging
   595 | D:2      | Reached XP level 3. HP: 31/33 MP: 2/2
   617 | D:2      | Noticed Terence
   621 | D:2      | Killed Terence
   761 | D:2      | Reached XP level 4. HP: 40/40 MP: 2/2
  1115 | D:3      | Noticed Jessica
  1119 | D:3      | Killed Jessica
  1189 | D:3      | Found a shadowy altar of Dithmengos.
  1239 | D:3      | Noticed a centaur
  1240 | D:3      | Found a blossoming altar of Fedhas.
  1286 | D:3      | Reached XP level 5. HP: 14/47 MP: 2/2
  1387 | D:3      | Killed a centaur
  1662 | D:3      | Found a burning altar of Makhleb.
  1672 | D:3      | Became a worshipper of Makhleb the Destroyer
  2308 | D:4      | Reached XP level 6. HP: 37/55 MP: 3/3
  2330 | D:4      | Found a glowing drain.
  2379 | Sewer    | Entered a sewer
  2388 | Sewer    | Acquired Makhleb's first power
  2402 | Sewer    | Reached skill level 5 in Fighting
  2439 | Sewer    | Reached skill level 5 in Shields
  2509 | Sewer    | Acquired Makhleb's second power
  2510 | Sewer    | Reached skill level 5 in Armour
  2705 | Sewer    | Acquired Makhleb's third power
  2719 | Sewer    | Noticed temujin's ghost (average DgTm)
  2730 | Sewer    | Reached XP level 7. HP: 32/61 MP: 3/3
  2762 | Sewer    | Killed temujin's ghost
  2762 | Sewer    | Reached skill level 5 in Long Blades
  3047 | D:4      | Reached skill level 6 in Shields
  3081 | D:5      | Entered Level 5 of the Dungeon
  3141 | D:5      | Found Ynabuatos' Book Boutique.
  3215 | D:5      | Reached skill level 1 in Invocations
  3312 | D:5      | Got a polished plate armour
  3330 | D:5      | Identified the +9 plate armour of Disaster {+Inv} (You found it on level 5 of the Dungeon)
  3623 | D:5      | Reached XP level 8. HP: 70/70 MP: 4/4
  4528 | D:6      | Acquired Makhleb's fourth power
  4858 | D:7      | Found a bloodstained altar of Trog.
  4916 | D:7      | Noticed Ijyb
  4927 | D:7      | Killed Ijyb
  4991 | D:7      | Noticed Prince Ribbit
  5003 | D:7      | Killed Prince Ribbit
  5003 | D:7      | Reached skill level 5 in Dodging
  5017 | D:7      | Found a staircase to the Ecumenical Temple.
  5364 | D:8      | Found Mnieray's Magic Scroll Shop.
  5367 | D:8      | Bought a scroll of identify for 30 gold pieces
  5412 | D:8      | Reached skill level 7 in Shields
  5412 | D:8      | Reached XP level 9. HP: 78/78 MP: 10/10
  5739 | D:8      | Noticed Erolcha
  5755 | D:8      | Killed Erolcha
  5755 | D:8      | Reached skill level 5 in Invocations
  5914 | D:9      | Noticed Duvessa
  5914 | D:9      | Noticed Dowan
  5916 | D:9      | Noticed Maurice
  5924 | D:9      | Killed Duvessa
  5968 | D:9      | Killed Maurice
  5983 | D:9      | Killed Dowan
  6129 | D:9      | Found a glowing silver altar of Zin.
  6150 | D:9      | Acquired Makhleb's fifth power
  6421 | D:9      | Reached skill level 8 in Shields
  6421 | D:9      | Reached XP level 10. HP: 88/88 MP: 15/15
  7105 | D:10     | Entered Level 10 of the Dungeon
  7169 | D:10     | Found a staircase to the Orcish Mines.
  7185 | D:10     | Noticed Eustachio
  7200 | D:10     | Killed Eustachio
  7327 | D:10     | Found a staircase to the Lair.
  7362 | D:10     | Killed an unseen horror
  7510 | D:10     | Noticed Grum
  7522 | D:10     | Killed Grum
  7522 | D:10     | Reached skill level 9 in Armour
  7912 | D:11     | Found a white marble altar of Elyvilon.
  7920 | D:11     | Noticed a cyclops
  7933 | D:11     | HP: 4/91 [cyclops (11)]
  7934 | D:11     | Killed a cyclops
  7934 | D:11     | Reached XP level 11. HP: 22/97 MP: 18/18
  8164 | D:11     | Found a frozen archway.
  8198 | IceCv    | Entered an ice cave
  8395 | IceCv    | Noticed an ice statue
  8395 | IceCv    | Noticed an ice statue
  8402 | IceCv    | Killed an ice statue
  8657 | IceCv    | Killed an ice statue
  8795 | IceCv    | Noticed an ice dragon
  8796 | IceCv    | Noticed an ice dragon
  8809 | IceCv    | Slain by an ice dragon

Action                   |  1- 3 |  4- 6 |  7- 9 | 10-12 || total
-------------------------+-------+-------+-------+-------++-------
Melee: Falchion          |    82 |   321 |   267 |       ||   670
       Long sword        |       |       |   233 |    58 ||   291
       Great sword       |       |       |       |   288 ||   288
Invok: Greater Servant o |       |       |       |     1 ||     1
 Abil: Evoke Berserk Rag |       |       |     1 |     2 ||     3
Evoke: Wand              |       |     3 |     7 |     1 ||    11
  Use: Scroll            |       |       |    15 |     7 ||    22
       Potion            |       |       |       |     2 ||     2
